 Dungeon Crawl Stone Soup version 0.29-a0-356-g7bc237e783 (webtiles) character file.

Game seed: 3728772602619099264

109 spaghetti the Conjurer (level 4, -2/36 HPs)
             Began as a Deep Dwarf Conjurer on Apr 25, 2022.
             Killed by nerve-wracking pain
             ... invoked by an orc priest
              (4 damage)
             ... on level 3 of the Dungeon.
             The game lasted 00:03:38 (3483 turns).

spaghetti the Conjurer (Deep Dwarf Conjurer)        Turns: 3483, Time: 00:03:39

Health: -2/36      AC:  3    Str: 11    XL:     4   Next: 60%
Magic:  0/9        EV: 12    Int: 20    God:
Gold:   246        SH:  0    Dex: 11    Spells: 6/9 levels left

rFire   . . .      SeeInvis .   v - staff of air {!astaff}
rCold   + . .      Faith    .   (no shield)
rNeg    . . .      Spirit   .   a - +0 robe
rPois   .          Reflect  .   (no helmet)
rElec   +          Harm     .   (no cloak)
rCorr   .          Rampage  .   w - +0 pair of gloves
Will    .....                   (no boots)
Stlth   ++........              (no amulet)
HPRegen 0.00/turn               p - ring of protection from cold
MPRegen 0.11/turn               (no ring)

@: no status effects
A: damage resistance, heal wounds, sense surroundings 1, no regeneration
a: Heal Wounds


You were on level 3 of the Dungeon.
You visited 1 branch of the dungeon, and saw 3 of its levels.

You collected 246 gold pieces.


Innate Abilities, Weirdness & Mutations

You are resistant to damage.
You can heal yourself by infusing magical energy.
You passively map a small area around you.
You do not regenerate.


   Skills:
 - Level 2.1 Dodging
 - Level 2.4 Stealth
 * Level 3.4 Spellcasting
 + Level 4.3 Conjurations


You had 6 spell levels left.
You knew the following spells:

 Your Spells              Type           Power      Damage    Failure   Level
a - Magic Dart            Conj           84%        1d7       2%          1
b - Searing Ray           Conj           42%        2d6       3%          2

Your spell library contained the following spells:

 Spells                   Type           Power      Damage    Failure   Level
 Freeze                   Ice            12%        1d4       14%         1
 Dazzling Flash           Conj/Hex       24%        N/A       17%         3
 Sublimation of Blood     Necr           3%         N/A       21%         2
 Wereblood                Tmut           3%         N/A       21%         2
 Frozen Ramparts          Ice            6%         1d2       38%         3
 Fulminant Prism          Conj/Hex       6%         3d7       50%         4
 Hailstorm                Conj/Ice       12%        3d5       50%         4
 Iskenderun's Mystic Bla  Conj/Tloc      12%        2d5       50%         4
 Summon Hydra             Summ           1%         N/A       100%        7

Inventory:

Hand Weapons
 i - a +0 club {mace}
   (You took it off a goblin on level 1 of the Dungeon)
 k - a +0 short sword {short}
   (You took it off a kobold on level 1 of the Dungeon)
 l - a +0 spear {polearm}
   (You found it on level 1 of the Dungeon)
 n - a +0 hand axe {axe}
   (You found it on level 2 of the Dungeon)
 o - a +0 club {mace}
   (You found it on level 2 of the Dungeon)
 q - a +0 club {mace}
   (You took it off a goblin on level 2 of the Dungeon)
 r - a +0 club {mace}
   (You took it off a goblin on level 2 of the Dungeon)
 t - a +0 short sword {short}
   (You took it off a kobold on level 2 of the Dungeon)
Missiles
 e - 90 stones {throwing}
Armour
 a - a +0 robe (worn)
 w - a +0 pair of gloves (worn)
   (You found it on level 2 of the Dungeon)
 x - a +0 helmet
   (You found it on level 1 of the Dungeon)
Magical Staves
 v - a staff of air (weapon) {!astaff}
   (You found it on level 2 of the Dungeon)
 A - a staff of cold {!astaff}
   (You found it on level 3 of the Dungeon)
Jewellery
 p - a ring of protection from cold (left hand)
   (You found it on level 2 of the Dungeon)
Wands
 s - a wand of flame (12)
   (You found it on level 2 of the Dungeon)
Scrolls
 c - 5 scrolls of immolation {unknown}
 d - 4 scrolls of fog {unknown}
 f - 5 scrolls of teleportation {unknown}
 h - 2 scrolls of enchant armour {unknown}
 j - a scroll of noise {unknown}
 m - 3 scrolls of identify {unknown}
 u - a scroll of torment {unknown}
 y - a scroll of fear {unknown}
 B - a scroll of acquirement {unknown}
Potions
 b - a potion of magic
 g - a potion of lignification {unknown}
 z - a potion of degeneration {unknown}
 C - a potion of brilliance {unknown}

Dungeon Overview and Level Annotations

Branches:
Dungeon (3/15)

Altars:
Kikubaaqudgha

########## * #........# #.. , , ,
####........# #.#* * * ,
........>...# #)# *,
............# #)# #.#..#
............# #.# #.#..#
##..........# #.# ########.#..#
###.........# #o# #......#.#..#
............# #@####.####.#.#..#
............# #.#......##.#.#...
...#........# #.#.##.#.##.#.#.##
...#.######## #.#...............
####.## #.####.#.####.##.. #..#
#................. ##.##
########.######.###.
#####..#######...................
.................................


You could see an orc priest.


Message History

😕 MP[-1]
You lost 1 mp, and now have 7/9 mp.
Casting: Magic Dart (safe; 2% risk of failure)
Confirm with . or Enter, or press ? or * to list all spells.
Aiming: Magic Dart (safe; 2% risk of failure)
Press: ? - help, Shift-Dir - straight line, f/p - orc
Aim: an orc, wielding a +0 short sword (almost dead, 100% to hit)
The magic dart hits the orc.
You kill the orc!
The orc priest calls down the wrath of Beogh upon you.
Beogh smites you!
Casting: Magic Dart (safe; 2% risk of failure)
Confirm with . or Enter, or press ? or * to list all spells.
Aiming: Magic Dart (safe; 2% risk of failure)
Press: ? - help, Shift-Dir - straight line, f - orc
Aim: an orc, wielding a +0 falchion (100% to hit)
The magic dart hits the orc.
Casting: Magic Dart (safe; 2% risk of failure)
Confirm with . or Enter, or press ? or * to list all spells.
Aiming: Magic Dart (safe; 2% risk of failure)
Press: ? - help, Shift-Dir - straight line, f/p - orc
Aim: an orc, wielding a +0 falchion (severely wounded, 100% to hit)
The magic dart hits the orc.
You kill the orc!
Casting: Magic Dart (safe; 2% risk of failure)
Confirm with . or Enter, or press ? or * to list all spells.
Aiming: Magic Dart (safe; 2% risk of failure)
Press: ? - help, Shift-Dir - straight line, f - orc priest
Aim: an orc priest, wielding a +0 hand axe and wearing a +0 leather armour (100% to hit)
The magic dart hits the orc priest.
Casting: Magic Dart (safe; 2% risk of failure)
Confirm with . or Enter, or press ? or * to list all spells.
Aiming: Magic Dart (safe; 2% risk of failure)
Press: ? - help, Shift-Dir - straight line, f/p - orc priest
Aim: an orc priest, wielding a +0 hand axe and wearing a +0 leather armour (lightly wounded, 100% to hit)
The magic dart hits the orc priest. 😮 HP[-9] MP[-5]
You take 9 damage, and now have 23/36 hp.
MASSIVE DAMAGE!! (PAUSE)
You lost 5 mp, and now have 2/9 mp.
Casting: Magic Dart (safe; 2% risk of failure)
Confirm with . or Enter, or press ? or * to list all spells.
Aiming: Magic Dart (safe; 2% risk of failure)
Press: ? - help, Shift-Dir - straight line, f/p - orc priest
Aim: an orc priest, wielding a +0 hand axe and wearing a +0 leather armour (moderately wounded, 100% to hit)
The magic dart hits the orc priest but does no damage. 😮 MP[-1]
You lost 1 mp, and now have 1/9 mp.
Casting: Magic Dart (safe; 2% risk of failure)
Confirm with . or Enter, or press ? or * to list all spells.
Aiming: Magic Dart (safe; 2% risk of failure)
Press: ? - help, Shift-Dir - straight line, f/p - orc priest
Aim: an orc priest, wielding a +0 hand axe and wearing a +0 leather armour (moderately wounded, 100% to hit)
The magic dart hits the orc priest.
Casting: Magic Dart (safe; 2% risk of failure)
Confirm with . or Enter, or press ? or * to list all spells.
Aiming: Magic Dart (safe; 2% risk of failure)
Press: ? - help, Shift-Dir - straight line, f/p - orc priest
Aim: an orc priest, wielding a +0 hand axe and wearing a +0 leather armour (heavily wounded, 100% to hit)
The magic dart hits the orc priest but does no damage.
The orc priest hits you with a +0 hand axe. 😮 HP[-1] MP[-1]
You take 1 damage, and now have 22/36 hp.
You lost 1 mp, and now have 0/9 mp.
Casting: Magic Dart (safe; 2% risk of failure)
Confirm with . or Enter, or press ? or * to list all spells.
You don't have enough magic to cast this spell.
Really attack while wielding your staff of air {!astaff}? [Y]es or [N]o only, please.
Really attack while wielding your staff of air {!astaff}?
Okay, then.
Really attack while wielding your staff of air {!astaff}?
You closely miss the orc priest.
The orc priest hits you with a +0 hand axe. 😮 HP[-3]
You take 3 damage, and now have 19/36 hp.
You closely miss the orc priest. The orc priest misses you.
An orc priest is nearby!
You closely miss the orc priest.
The orc priest hits you but does no damage.
An orc priest is nearby!
You hit the orc priest but do no damage.
The orc priest hits you with a +0 hand axe.
* * * LOW HITPOINT WARNING * * *
😨 HP[-2]
You take 2 damage, and now have 17/36 hp.
You hit the orc priest.
The orc priest mumbles some strange prayers to Beogh against you.
Beogh smites you!
* * * LOW HITPOINT WARNING * * *
The orc priest hits you with a +0 hand axe.
* * * LOW HITPOINT WARNING * * *
😱 HP[-15]
You take 15 damage, and now have 2/36 hp.
MASSIVE DAMAGE!! (PAUSE)
Okay, then.
You fail to use your ability.
The orc priest invokes the aid of Beogh against you.
Pain shoots through your body!
You die...

Skill      XL: |  1  2  3 |
---------------+----------+-----
Spellcasting   | 2 3 |  3.4
Conjurations   | 4 |  4.3
Dodging        | |  2.1
Stealth        | |  2.4

Action                   |  1- 3 |  4- 6 || total
-------------------------+-------+-------++-------
Melee: Unarmed           |     1 |       ||     1
       Staff             |       |     5 ||     5
 Cast: Magic Dart        |    80 |    30 ||   110
Evoke: Wand              |     8 |       ||     8
Armor: Robe              |     2 |     1 ||     3
Dodge: Dodged            |     5 |     5 ||    10

Levels and vault maps discovered:
D:1:      nzn_arrival_settlement, layout_basic, minmay_fountain_box,
          minivault_27, st_stairs_3
D:2:      kennysheep_big_flooded_room, layout_loops_corners,
          hellmonk_ecumenical_altar_arch_garden
D:3:      layout_basic, nicolae_kikubaaqudgha_miasma_corner

Notes
Turn   | Place    | Note
-------+----------+-------------------------------------------
     0 | D:1      | spaghetti the Deep Dwarf Conjurer began the quest for the
                  | Orb.
     0 | D:1      | Reached XP level 1. HP: 15/15 MP: 3/3
     0 | D:1      | magus.rc [v1.9.6]
   186 | D:1      | You pick up a book of Blood and begin reading...
   186 | D:1      | You add the spells Sublimation of Blood, Wereblood and
                  | Summon Hydra to your library.
   522 | D:1      | Reached skill level 2 in Spellcasting
   557 | D:1      | Reached XP level 2. HP: 22/22 MP: 0/5
   855 | D:1      | You pick up a book of Frost and begin reading...
   855 | D:1      | You add the spells Freeze, Frozen Ramparts and Hailstorm to
                  | your library.
  1029 | D:1      | Learned a level 2 spell: Searing Ray
  1405 | D:2      | Found a faded altar of an unknown god.
  1438 | D:2      | Reached skill level 4 in Conjurations
  1438 | D:2      | Reached XP level 3. HP: 26/28 MP: 2/6
  2667 | D:3      | Found an ancient bone altar of Kikubaaqudgha.
  2810 | D:3      | Reached skill level 3 in Spellcasting
  2939 | D:3      | Reached XP level 4. HP: 34/36 MP: 5/8
  3482 | D:3      | HP: 5/36 [orc priest/divine providence (12)]
  3482 | D:3      | HP: 2/36 [orc priest/+0 hand axe (3)]
  3483 | D:3      | Killed from afar by an orc priest

Vanquished Creatures
  A hound (D:3)
  2 adders
  A worm (D:2)
  3 orcs (D:3)
  6 bats
  6 endoplasms
  5 giant cockroaches
  5 goblins
  3 hobgoblins
  3 jackals (D:2)
  4 kobolds
  2 quokkas (D:3)
  4 ball pythons
  4 frilled lizards
  3 rats
52 creatures vanquished.

Table legend:
 A = Non-vault XP
 B = Vault XP
 C = Vault XP percentage of total XP
 D = Non-vault monster count
 E = Vault monster count
 F = Vault count percentage of total count
                 A         B        C        D         E       F
            +---------+---------+-------+---------+---------+-------
      Total |     151 |       6 |   3.8 |      48 |       4 |   7.7
            +---------+---------+-------+---------+---------+-------
        D:1 |      20 |       3 |  13.0 |      12 |       2 |  14.3
        D:2 |      46 |       3 |   6.1 |      20 |       2 |   9.1
        D:3 |      85 |       0 |   0.0 |      16 |       0 |   0.0
            +---------+---------+-------+---------+---------+-------

Illustrated notes

Table legend:
 A = Kills in this place as a percentage of kills in entire the game.
 B = Kills by you in this place as a percentage of kills by you in the entire game.
 C = Kills by friends in this place as a percentage of kills by friends in the entire game.
 D = Other kills in this place as a percentage of other kills in the entire game.
 E = Experience gained in this place as a percentage of experience gained in the entire game.
 F = Experience gained in this place divided by the number of levels of this place that you have seen.
                   A       B       C       D       E      F
               +-------+-------+-------+-------+-------+----------------------
         Total | 100.0 | 100.0 |   N/A |   N/A | 100.0 |  52.3
       Dungeon | 100.0 | 100.0 |   N/A |   N/A | 100.0 |  52.3
               +-------+-------+-------+-------+-------+----------------------

Table legend: (Time is in decaauts)
 A = Elapsed time spent in this place.
 B = Non-inter-level travel time spent in this place.
 C = Inter-level travel time spent in this place.
 D = Time resting spent in this place.
 E = Time spent auto-exploring this place.
 F = Levels seen in this place.
 G = Mean time per level.
                   A        B        C        D        E       F      G
               +--------+--------+--------+--------+--------+-----+--------+
         Total |   3483 |   3345 |    138 |      0 |   3058 |   3 | 1161.0 |
       Dungeon |   3483 |   3345 |    138 |      0 |   3058 |   3 | 1161.0 |
               +--------+--------+--------+--------+--------+-----+--------+

Top non-repeatable levels by time:
     D:1: 1316 daAuts
     D:2: 1286 daAuts
     D:3: 880 daAuts
